[Event "SM-blixten 2025"]
[Site "Uppsala, Sweden"]
[Date "2025.07.03"]
[Round "2.7"]
[White "Sandberg, Lucas"]
[Black "Nilsson, Oliver"]
[Result "0-1"]
[TimeControl "3 min + 2 sec increment starting from move 1"]
[WhiteElo "2274"]
[BlackElo "2107"]

1. Nc3 d5 2. e4 d4 3. Nce2 e5 4. Ng3 Be6 5. b3 Nc6 6. Bc4 Bxc4 7. bxc4 d3 8. c3 Bc5 9. Nf3 Nge7 10.
O-O Ng6 11. a4 Nf4 12. Ba3 Bxa3 13. Rxa3 g6 14. Qb1 Qd6 15. Rb3 b6 16. Rb5 h5 17. Rd1 h4 18. Nf1 g5 19. Ne3 O-O-O 20. c5 Qg6 21. cxb6 axb6 22. Nxe5 Nxe5 23. Rxe5 g4 24. Qb5 g3 25. a5 Ne2+ 26.
Kh1 gxf2 27. Rg5 Ng3+ 28. Rxg3 hxg3 29. h3 Qxe4 30. Qf5+ Qxf5 31. Nxf5 Rde8 32. Ne3 f5 33. a6 Kb8 34. c4 f4 0-1

[Event "SM-blixten 2025"]
[Site "Uppsala, Sweden"]
[Date "2025.07.03"]
[Round "4.3"]
[White "Crevatin, Leo"]
[Black "Malmstig, Erik"]
[Result "0-1"]
[TimeControl "3 min + 2 sec increment starting from move 1"]
[WhiteTitle "FM"]
[BlackTitle "FM"]
[WhiteElo "2248"]
[BlackElo "2231"]

1. d4 Nf6 2. c4 c5 3. d5 b5 4. cxb5 a6 5. e3 g6 6. Nc3 Bg7 7. a4 d6 8. Nf3 O-O 9. Ra3 axb5 10.
Bxb5 Na6 11. O-O Bb7 12. e4 Nb4 13. Bg5 h6 14. Bh4 Ra7 15. Re1 Ng4 16. h3 Ne5 17. Nd2 Ned3 18. Re3 Ne5 19.
f4 g5 20. fxe5 gxh4 21. Nf3 f5 22.
exf5 Rxf5 23. exd6 Qxd6 24. Nxh4 Rf4 25. Nf3 Nxd5 26. Nxd5 Qxd5 27. Qxd5+ Bxd5 28. Rad3 e6 29. Kh2 Bxb2 30.
Ne5 Rg7 31. Rg3 Bxe5 32. Rxg7+ Kxg7 33. Kg1 Rd4 34. Re3 Rd1+ 0-1

[Event "SM-blixten 2025"]
[Site "Uppsala, Sweden"]
[Date "2025.07.03"]
[Round "5.9"]
[White "Strand, Sixten"]
[Black "Sandberg, Lucas"]
[Result "1/2-1/2"]
[TimeControl "3 min + 2 sec increment starting from move 1"]
[WhiteElo "2037"]
[BlackElo "2274"]

1. e4 g6 2. d4 c6 3. Nc3 d5 4. e5 Bg7 5. h3 f6 6. f4 e6 7. Nf3 Ne7 8. Bd3 O-O 9. Be3 Nd7 10. Qe2 c5 11. Bb5 cxd4 12. Bxd4 Nc6 13. Bxc6 bxc6 14. exf6 Nxf6 15. O-O-O Qa5 16. Be5 c5 17. Qb5 Qxb5 18.
Nxb5 Bd7 19. c4 Bxb5 20. cxb5 d4 21. Ng5 Rfe8 22. Rhe1 Nd5 23. Bxg7 Kxg7 24. Nxe6+ Kf6 25. Ng5 Nxf4 26. Ne4+ Kg7 27. Kd2 Re5 28. Nf2 Rae8 29. Rxe5 Rxe5 30. Re1 Rxe1 31. Kxe1 Nxg2+ 32.
Ke2 Nf4+ 33. Kf3 Nd5 34. Ne4 c4 35. Ke2 h6 36. Nd6 c3 37.
bxc3 Nxc3+ 38. Kd3 Nxa2 39. Kxd4 g5 40.
Ke5 Kg6 41. Nc8 Nb4 42. Nxa7 g4 43.
hxg4 Kg5 44. Nc6 Nd3+ 45. Ke4 Nc5+ 46.
Kf3 Nd7 47. Nd4 h5 48. gxh5 Kxh5 49. Ke4 Kg6 50. Kd5 Kf7 51. Kc6 Ke7 52. Nf5+ Kd8 53. Nd6 Ke7 54. Nc8+ Kd8 1/2-1/2

[Event "SM-blixten 2025"]
[Site "Uppsala, Sweden"]
[Date "2025.07.03"]
[Round "7.5"]
[White "Nilsson, Joakim"]
[Black "Ostlund, Joar"]
[Result "1/2-1/2"]
[TimeControl "3 min + 2 sec increment starting from move 1"]
[WhiteTitle "FM"]
[BlackTitle "FM"]
[WhiteElo "2208"]
[BlackElo "2322"]

1. Nf3 d5 2. c4 e6 3. b3 Nf6 4. Bb2 Be7 5. g3 O-O 6. Bg2 b6 7. O-O Bb7 8. Ne5 c5 9. d4 cxd4 10. Qxd4 Nbd7 11. Nc3 Bc5 12.
Qf4 Nh5 13. Qg4 Nhf6 14. Qf4 Nh5 15. Qg4 Nhf6 16. Qf4 Nh5 1/2-1/2

[Event "SM-blixten 2025"]
[Site "Uppsala, Sweden"]
[Date "2025.07.03"]
[Round "9.1"]
[White "Grahn, Vidar"]
[Black "Galperin, Platon"]
[Result "0-1"]
[TimeControl "3 min + 2 sec increment starting from move 1"]
[WhiteTitle "FM"]
[BlackTitle "GM"]
[WhiteElo "2239"]
[BlackElo "2506"]

1. e4 g6 2. d4 d6 3. c4 Bg7 4. Nc3 Nf6 5. Be2 O-O 6. Be3 c5 7. d5 Qb6 8.
Qc2 Ng4 9. Bxg4 Bxg4 10. f3 Bd7 11.
Nge2 Qa6 12. Qb3 Qb6 13. O-O Na6 14. Qc2 Nc7 15. a4 Na6 16. a5 Nb4 17. Qd2 Qa6 18. Bh6 Qxc4 19. Bxg7 Kxg7 20.
h4 f6 21. h5 g5 22. f4 h6 23. e5 Qd3 24. Qxd3 Nxd3 25. e6 Be8 26. g4 f5 27. fxg5 hxg5 28. Ng3 f4 29. Nf5+ Rxf5 30.
gxf5 Kf6 31. Kg2 Bxh5 32. Rh1 Rh8 33.
b3 Kxf5 34. a6 bxa6 35. Rhb1 Ne5 36. Rxa6 Bf3+ 37. Kf2 g4 38. Rxa7 g3+ 39. Ke1 Rh2 40. Rxe7 Nd3+ 41. Kf1 Rh1# 0-1

[Event "SM-blixten 2025"]
[Site "Uppsala, Sweden"]
[Date "2025.07.03"]
[Round "10.7"]
[White "Rosberg, Simon"]
[Black "Pantzar, Milton"]
[Result "0-1"]
[TimeControl "3 min + 2 sec increment starting from move 1"]
[WhiteTitle "FM"]
[BlackTitle "IM"]
[WhiteElo "2303"]
[BlackElo "2444"]

1. c4 e6 2. Nf3 d5 3. g3 Nf6 4. Bg2 b6 5. O-O Bb7 6. b3 Be7 7. Bb2 O-O 8. d4 dxc4 9. bxc4 c5 10.
d5 exd5 11. Nh4 Qd7 12. Nc3 d4 13. Nb5 a6 14. Bxb7 Qxb7 15. Na3 Nc6 16. Rb1 Rfd8 17. Bc1 Nb4 18. Qb3 Qe4 19. Bd2 Bf8 20.
Bxb4 cxb4 21. Nc2 a5 22. Qd3 0-1

[Event "SM-blixten 2025"]
[Site "Uppsala, Sweden"]
[Date "2025.07.03"]
[Round "1.2"]
[White "Seo, Jung Min"]
[Black "Hamilton, Olov"]
[Result "1-0"]
[TimeControl "3 min + 2 sec increment starting from move 1"]
[WhiteTitle "IM"]
[WhiteElo "2468"]
[BlackElo "1913"]

1. e4 c5 2. Nf3 d6 3.
d4 cxd4 4. Nxd4 Nf6 5. Nc3 a6 6. Bd3 Nc6 7. Nxc6 bxc6 8. O-O e5 9. Qe2 Be7 10. Na4 O-O 11. c4 Be6 12. Bg5 h6 13. Bh4 Nd7 14. Bg3 f5 15.
exf5 Bxf5 16. Bxf5 Rxf5 17. Qe4 Rf6 18. Qxc6 Rc8 19. Qxa6 d5 20. Qb5 dxc4 21. Rad1 Rd6 22. Rxd6 Bxd6 23. Qd5+ 1-0

[Event "SM-blixten 2025"]
[Site "Uppsala, Sweden"]
[Date "2025.07.03"]
[Round "2.8"]
[White "Dingertz, Erik"]
[Black "Religa, Marek"]
[Result "0-1"]
[TimeControl "3 min + 2 sec increment starting from move 1"]
[WhiteElo "2121"]
[BlackElo "2227"]

1. Nf3 g6 2. d4 Bg7 3. c4 d6 4. Nc3 Nc6 5. d5 Ne5 6. Nxe5 Bxe5 7. e4 Nf6 8. Bd3 O-O 9. O-O c6 10. h3 cxd5 11. exd5 Nd7 12. Be3 Nc5 13. Bc2 a5 14.
f4 Bg7 15. Bd4 Nd7 16. Bxg7 Kxg7 17. Kh1 Qb6 18. b3 Nf6 19.
f5 Bd7 20. Qe1 Rae8 21. Qh4 Qe3 22. Rf3 Qd2 23. Qf2 Qxf2 24. Rxf2 g5 25. Re1 h5 26. Rfe2 Ng8 27. g4 hxg4 28. hxg4 f6 29. Rh2 Nh6 30. Bd1 Rh8 31. Re3 Nf7 32.
Reh3 Rxh3 33. Rxh3 Ne5 34. a3 Rc8 35. Be2 b6 36. Nb1 b5 37. Nd2 b4 38. axb4 axb4 39. Nf3 0-1

[Event "SM-blixten 2025"]
[Site "Uppsala, Sweden"]
[Date "2025.07.03"]
[Round "4.4"]
[White "Ostlund, Joar"]
[Black "Religa, Marek"]
[Result "0-1"]
[TimeControl "3 min + 2 sec increment starting from move 1"]
[WhiteTitle "FM"]
[WhiteElo "2322"]
[BlackElo "2227"]

1. d4 g6 2. e4 Bg7 3.
Nc3 d6 4. Be3 Nf6 5. Qd2 a6 6. O-O-O b5 7. Bd3 Nbd7 8.
h4 h5 9.
Nf3 Ng4 10. Bf4 c5 11. dxc5 dxc5 12. Nd5 Ra7 13. Ng5 e6 14. Ne3 Nge5 15. Be2 Qf6 16. c3 Qxf4 17. Qd6 Bf8 18. Qd2 Be7 0-1

[Event "SM-blixten 2025"]
[Site "Uppsala, Sweden"]
[Date "2025.07.03"]
[Round "5.10"]
[White "Karlsson, Tomas"]
[Black "Prabu, Dananjey"]
[Result "0-1"]
[TimeControl "3 min + 2 sec increment starting from move 1"]
[WhiteTitle "FM"]
[WhiteElo "2239"]
[BlackElo "2047"]

1. e4 e5 2. Nf3 Nc6 3.
Bb5 a6 4. Ba4 Nf6 5. O-O b5 6. Bb3 Be7 7. Re1 d6 8. c3 O-O 9. h3 Na5 10. Bc2 c5 11. d4 Nc6 12. Nbd2 Qb6 13. d5 Nb8 14. a4 Bb7 15. Nf1 Nbd7 16. Ng3 Rfe8 17. a5 Qd8 18.
Be3 Nf8 19. Nf5 Ng6 20. Nxe7+ Qxe7 21. Nh2 Bc8 22. Nf1 Nf4 23. Qf3 g5 24. Bxf4 gxf4 25. Bd1 Kh8 26. Qd3 Rg8 27. Kh1 Rg6 28.
Bf3 Bd7 29. Nh2 Rag8 30. Rg1 Ne8 31. Bg4 Bxg4 32. Nxg4 Qh4 33. Nh2 Qxf2 34. b4 Rxg2 35. Nf3 R8g3 0-1

[Event "SM-blixten 2025"]
[Site "Uppsala, Sweden"]
[Date "2025.07.03"]
[Round "7.6"]
[White "Gruvaeus, Curt"]
[Black "Grahn, Vidar"]
[Result "0-1"]
[TimeControl "3 min + 2 sec increment starting from move 1"]
[WhiteTitle "FM"]
[BlackTitle "FM"]
[WhiteElo "2156"]
[BlackElo "2239"]

1. Nf3 d5 2. c4 e6 3. g3 Nf6 4.
Bg2 Be7 5. O-O O-O 6. Qc2 dxc4 7. Qxc4 c5 8. d4 Qd5 9.
Nbd2 Qxc4 10. Nxc4 Nc6 11. dxc5 Bxc5 12. Bf4 Nd5 13. Bd6 Bxd6 14. Nxd6 Rd8 15. Nc4 b5 16. Nce5 Nxe5 17.
Nxe5 Bb7 18. Rac1 Rac8 19. a3 a5 20. Nd3 Ba8 21. Nc5 Nb6 22.
b3 Bxg2 23. Kxg2 Kf8 24. Nb7 Rxc1 25. Rxc1 Ra8 26. Rc5 b4 27. a4 Nd5 28. Nxa5 Nc3 29. Kf3 Ke7 30. Nc4 f5 31. Rc7+ Kf6 32. Rb7 Nd5 33. Ne3 Ne7 34.
Rxb4 Nc6 35. Rb6 Nd4+ 36. Kg2 Nxe2 37.
Nc4 Nd4 38. a5 g5 39. a6 f4 40.
gxf4 gxf4 41. b4 f3+ 42. Kg3 Kf5 43. b5 Rg8+ 44. Kh3 Ne2 45.
Ne3+ Kf6 46. Ng4+ Kf5 47. Nh6+ Kg5 48. Nxg8 h5 49. Rxe6 h4 50. Re4 Ng1# 0-1

[Event "SM-blixten 2025"]
[Site "Uppsala, Sweden"]
[Date "2025.07.03"]
[Round "9.2"]
[White "Seo, Jung Min"]
[Black "Olund, Joar"]
[Result "0-1"]
[TimeControl "3 min + 2 sec increment starting from move 1"]
[WhiteTitle "IM"]
[BlackTitle "FM"]
[WhiteElo "2468"]
[BlackElo "2369"]

1. c4 e5 2. e3 Nf6 3. Nc3 Bb4 4. Nge2 c6 5. d4 d6 6. a3 Ba5 7. b4 Bc7 8. Ng3 h5 9. Nge4 Nxe4 10. Nxe4 d5 11. cxd5 cxd5 12. Nc5 Nc6 13. dxe5 Bxe5 14.
Rb1 d4 15. e4 a5 16. b5 Ne7 17.
Nd3 Bc7 18. Be2 h4 19. O-O h3 20. g3 Be6 21. f4 f5 22. Bf3 O-O 23. e5 Bb6 24. Bxb7 Ra7 25. Bf3 Nd5 26. Rb2 Ne3 27.
Bxe3 dxe3 28. Be2 Rd7 29. Rb3 Qa8 30. Rf3 Qxf3 0-1

[Event "SM-blixten 2025"]
[Site "Uppsala, Sweden"]
[Date "2025.07.03"]
[Round "10.8"]
[White "Ostlund, Joar"]
[Black "Ziegler, Ari"]
[Result "0-1"]
[TimeControl "3 min + 2 sec increment starting from move 1"]
[WhiteTitle "FM"]
[BlackTitle "IM"]
[WhiteElo "2322"]
[BlackElo "2297"]

1. d4 Nf6 2. c4 c5 3. d5 e6 4. Nc3 exd5 5. cxd5 d6 6.
Nf3 g6 7. h3 Bg7 8. Bf4 a6 9.
a4 O-O 10. e3 Qe7 11. Be2 Nbd7 12. O-O Ne8 13. a5 Ne5 14. Nd2 Rb8 15. Na4 Bd7 16. Nb6 Bb5 17. Ra3 Nc7 18. Re1 f5 19.
Bh2 Rfe8 20. Bf1 Kh8 21. e4 Bxf1 22. Nxf1 Nb5 23. Rae3 Qf7 24. exf5 gxf5 25. Bf4 Nd4 26. b3 Rg8 27. Nc4 Qxd5 28. Ng3 Rbe8 29. Nxe5 dxe5 30. Bg5 0-1

[Event "SM-blixten 2025"]
[Site "Uppsala, Sweden"]
[Date "2025.07.03"]
[Round "1.3"]
[White "Varjomaa, Stefan"]
[Black "Carlsson, Ludvig"]
[Result "0-1"]
[TimeControl "3 min + 2 sec increment starting from move 1"]
[BlackTitle "IM"]
[WhiteElo "1887"]
[BlackElo "2386"]

1. c4 e5 2. Nc3 d6 3. e4 c5 4. g3 h5 5. h4 Nc6 6. Nge2 Bg4 7. Bg2 Nd4 8. Qa4+ Bd7 9. Qd1 Nf6 10.
d3 Bg4 11. Qa4+ Qd7 12. Qxd7+ Kxd7 13. Nxd4 cxd4 14. f3 dxc3 15. fxg4 cxb2 16. Bxb2 Nxg4 17. O-O Ke6 18. Bh3 Be7 19. Rf5 g6 20. Rf3 f6 21.
Rb1 Rab8 22. Ba3 Rhc8 23. Bxg4+ hxg4 24. Rf2 Bd8 25. Rfb2 Bb6+ 26. Kg2 Rc7 27. Rc2 f5 28. Rh1 Rh8 29. Rhc1 Bd4 30. Bb4 f4 31. Bd2 f3+ 32.
Kf1 Rch7 33. Bg5 Rh5 34.
Bd2 Rxh4 0-1

[Event "SM-blixten 2025"]
[Site "Uppsala, Sweden"]
[Date "2025.07.03"]
[Round "2.9"]
[White "Sandstrom, Ludvig"]
[Black "Bjorkman, Filip"]
[Result "0-1"]
[TimeControl "3 min + 2 sec increment starting from move 1"]
[WhiteElo "2327"]
[BlackElo "2116"]

1. Nf3 Nf6 2. c4 g6 3. Nc3 Bg7 4. e4 e5 5. d4 exd4 6. Nxd4 O-O 7. Bd3 d6 8. O-O Bd7 9. Bg5 h6 10. Bh4 g5 11. Bg3 Nc6 12. Nc2 Re8 13.
Ne3 Ne5 14. Bc2 Nfg4 15. Nf5 Bxf5 16. exf5 Nf6 17. b3 Nc6 18. Rc1 Qd7 19. Qd2 Nh5 20.
Nd5 Ne7 21. Ne3 Rad8 22. Rfd1 Nxg3 23. hxg3 Nc6 24. Bb1 Ne5 25. g4 c6 26. Re1 Qc7 27. f6 Bxf6 28. Nf5 Nxg4 29. Qc2 Re5 30. Nxh6+ Nxh6 31. Qh7+ Kf8 32. Qxh6+ Bg7 33. Qh3 Qe7 34. Rxe5 Qxe5 35. Qd3 d5 36. cxd5 Rxd5 37. Qc4 Qd6 38. Qe2 Rd2 39. Qf3 Bd4 40. Rf1 Qc5 41. Qg3 Bf6 42. Qb8+ Kg7 43. Qh2 Qd4 44. Qg3 Rd1 45. Qd3 Rxd3 0-1

[Event "SM-blixten 2025"]
[Site "Uppsala, Sweden"]
[Date "2025.07.03"]
[Round "4.5"]
[White "Karlsson, Stefan 2005"]
[Black "Karlsson, Tomas"]
[Result "1-0"]
[TimeControl "3 min + 2 sec increment starting from move 1"]
[BlackTitle "FM"]
[WhiteElo "2127"]
[BlackElo "2239"]

1. d3 d5 2. Nd2 e6 3.
e4 c5 4.
g3 Nf6 5. Bg2 Nc6 6. Nh3 Be7 7. O-O O-O 8. f4 dxe4 9. dxe4 Qd4+ 10. Nf2 Rd8 11. c3 Qd7 12. Qe2 e5 13. f5 Rb8 14.
a4 b6 15. g4 Ne8 16. Nf3 Qc7 17. g5 Nd6 18. Ng4 f6 19. gxf6 gxf6 20. Kh1 Bd7 21. Rg1 Kh8 22. Nh6 Rf8 23.
Nh4 Nf7 24. Nxf7+ Rxf7 25. Qh5 Be8 26. Ng6+ Kg8 27. Bf1 Rg7 28. Bc4+ Bf7 29. Nxe7+ Qxe7 30. Rxg7+ Kxg7 31. Bh6+ 1-0

[Event "SM-blixten 2025"]
[Site "Uppsala, Sweden"]
[Date "2025.07.03"]
[Round "6.1"]
[White "Galperin, Platon"]
[Black "Malmstig, Erik"]
[Result "1-0"]
[TimeControl "3 min + 2 sec increment starting from move 1"]
[WhiteTitle "GM"]
[BlackTitle "FM"]
[WhiteElo "2506"]
[BlackElo "2231"]

1. Nf3 c5 2. c4 Nc6 3. Nc3 Nf6 4.
d4 cxd4 5. Nxd4 g6 6. e4 Bg7 7. Be3 d6 8. Be2 O-O 9. O-O Bd7 10.
h3 Rc8 11. Qc2 a6 12. Rad1 Qc7 13. Nf3 Rfe8 14. a3 Na5 15. Nd2 Be6 16. b3 b5 17. f4 bxc4 18. b4 Nb3 19. Nf3 Qb7 20.
Ng5 Bd7 21. e5 Bf5 22. Qb2 dxe5 23. fxe5 Nd7 24. g4 Be6 25. Nxe6 fxe6 26. Bxc4 Rxc4 27. Qxb3 Qc6 28. Ne2 Nxe5 29.
Bc5 Qe4 30. Ng3 Qc2 31. Qxc2 Rxc2 32. Rf2 Rc3 33. Kg2 Nd3 34. Rf3 Rc2+ 35. Bf2 Nb2 36. Rd7 Nc4 37. Ra7 e5 38. Rxa6 e4 39. Nxe4 Bd4 40. Kg3 Be5+ 41.
Kg2 Bd4 42. Kf1 Bxf2 43. Rxf2 Rc1+ 44.
Kg2 Re1 45. Ng5 Ne3+ 46. Kg3 Rg1+ 47. Kh2 Ra1 48. b5 Rb8 49. a4 h6 50. Ne4 Nf1+ 51. Kg2 Ne3+ 52. Kg3 Ra3 53. Kf4 Rf8+ 54. Ke5 Rxf2 55. Nxf2 Nc4+ 56. Kd5 Rc3 57. Kd4 Rc2 58. Rc6 e5+ 59.
Kd3 Rxf2 60. Rxc4 Rf3+ 61. Ke4 Rxh3 62. b6 Rb3 63. a5 h5 64. gxh5 gxh5 65. Rc7 h4 66. b7 1-0

[Event "SM-blixten 2025"]
[Site "Uppsala, Sweden"]
[Date "2025.07.03"]
[Round "7.7"]
[White "Jonsson, Mikael"]
[Black "Odell Johansson, Leo"]
[Result "1-0"]
[TimeControl "3 min + 2 sec increment starting from move 1"]
[WhiteElo "2204"]
[BlackElo "1991"]

1. e4 c5 2. Nf3 Nc6 3. d4 cxd4 4. Nxd4 e5 5. Nb5 d6 6. Bc4 a6 7. N5c3 Be7 8. O-O Nf6 9. Bg5 O-O 10. Bxf6 Bxf6 11. Nd5 Bg5 12. Nbc3 Be6 13. a4 Rc8 14.
Bb3 Nd4 15. a5 Nxb3 16. cxb3 Rc6 17. Qe2 f5 18. exf5 Bxf5 19. Ne4 Bh6 20. b4 Qd7 21. Rad1 Rd8 22. Ndf6+ gxf6 23. Nxf6+ Kh8 24.
Nxd7 Rxd7 25. Qh5 Bc2 26. Qe8+ 1-0

[Event "SM-blixten 2025"]
[Site "Uppsala, Sweden"]
[Date "2025.07.03"]
[Round "9.3"]
[White "Ostlund, Joar"]
[Black "Johnson, Daniel"]
[Result "0-1"]
[TimeControl "3 min + 2 sec increment starting from move 1"]
[WhiteTitle "FM"]
[WhiteElo "2322"]
[BlackElo "2175"]

1. d4 Nf6 2. c4 e6 3. Nf3 d5 4.
Nc3 Be7 5. Bf4 O-O 6. e3 Nbd7 7. c5 Ne4 8. Nxe4 dxe4 9. Ne5 Nxe5 10. Bxe5 b6 11. c6 Bb4+ 12. Ke2 Ba6+ 0-1

[Event "SM-blixten 2025"]
[Site "Uppsala, Sweden"]
[Date "2025.07.03"]
[Round "10.9"]
[White "Nilsson, Joakim"]
[Black "Berovski, Krum"]
[Result "1-0"]
[TimeControl "3 min + 2 sec increment starting from move 1"]
[WhiteTitle "FM"]
[WhiteElo "2208"]
[BlackElo "2344"]

1. Nf3 Nf6 2. b3 e6 3. Bb2 Be7 4. g3 d5 5. Bg2 c6 6. O-O O-O 7. c4 Nbd7 8. d4 b6 9. Nbd2 Bb7 10. Qc2 c5 11. e4 dxe4 12. Ng5 cxd4 13.
Bxd4 Nc5 14. Bxc5 Bxc5 15. Ndxe4 Nxe4 16. Nxe4 Bd4 17. Rad1 Rb8 18. h4 h6 19. Rd3 e5 20. Nc3 Bxg2 21. Kxg2 Qf6 22. Nd5 Qc6 23. Kh2 Kh8 24. f4 Rbd8 25. Qe2 Rde8 26.
fxe5 Rxe5 27. Qg4 Rxd5 28. Rxd4 Rxd4 29. Qxd4 Qe6 30. Rf2 Re8 31. Qf4 Kg8 32. b4 h5 33. c5 bxc5 34.
bxc5 Rc8 35. Rc2 Qd5 36. Qe3 Rc6 37. a4 g6 38. a5 Re6 39. Qf4 Re1 40. Rg2 Qxc5 41. Qd2 Rc1 42. Rf2 Qc7 43.
Re2 Rc5 44. Re8+ Kh7 45. Qd4 Rc2+ 46.
Kh3 Qc8+ 47. Rxc8 Rxc8 48. Qd7 Rf8 49. Qxa7 1-0

[Event "SM-blixten 2025"]
[Site "Uppsala, Sweden"]
[Date "2025.07.03"]
[Round "1.4"]
[White "Pantzar, Milton"]
[Black "Malm, Simon 1995"]
[Result "1-0"]
[TimeControl "3 min + 2 sec increment starting from move 1"]
[WhiteTitle "IM"]
[WhiteElo "2444"]
[BlackElo "2007"]

1. d4 d5 2. Nf3 Nf6 3. c4 c6 4. g3 g6 5. Bg2 Bg7 6. Qb3 O-O 7. Nc3 Ne4 8. O-O Nxc3 9. bxc3 a5 10.
a4 Re8 11. Ne5 e6 12. Ba3 Nd7 13. Nxd7 Qxd7 14. Rab1 h5 15. h4 Qc7 16. e3 Ra6 17. Rb2 Qd8 18. Rfb1 Qf6 19. Bd6 Qf5 20.
c5 e5 21. Qd1 Re6 22. Qf1 Rxd6 23. cxd6 Qd7 24. Bh3 f5 25. Qd3 Qxd6 26. Bg2 Kh7 27. Rb3 Ra8 28. dxe5 Bxe5 29. c4 f4 30. exf4 Bf5 31. fxe5 Qxe5 32. Rxb7+ Kh6 33. Qd2+ 1-0

[Event "SM-blixten 2025"]
[Site "Uppsala, Sweden"]
[Date "2025.07.03"]
[Round "2.10"]
[White "Gustafsson, Thomas"]
[Black "Ziegler, Ari"]
[Result "1/2-1/2"]
[TimeControl "3 min + 2 sec increment starting from move 1"]
[BlackTitle "IM"]
[WhiteElo "1963"]
[BlackElo "2297"]

1. d4 Nf6 2. c4 e6 3. Nf3 d5 4. e3 c5 5. cxd5 exd5 6. Nc3 Nc6 7. Be2 cxd4 8. Nxd4 Bd6 9. O-O O-O 10.
Ncb5 Bb8 11. g3 Bh3 12. Re1 Qd7 13. Bd2 Ne5 14. f4 Nc6 15. Rc1 Re8 16. Bf3 a6 17. Nc3 Ba7 18. Nce2 Bg4 19.
Kg2 Bxf3+ 20. Kxf3 Rac8 21. Nxc6 bxc6 22. Nd4 c5 23. Nb3 d4 24. e4 c4 25. Na5 Qg4+ 26. Kg2 Qxd1 27. Rcxd1 c3 28.
bxc3 dxc3 29. Be3 Bxe3 30. Rxe3 Rc5 31. Nb3 Rc4 32.
e5 Ng4 33. Red3 h5 34. Rd8 Rxd8 35. Rxd8+ Kh7 36. Rd7 c2 37. Nc1 Kg6 38. h3 Ne3+ 39. Kf3 Nd1 40. Ke2 Nb2 41. Kd2 a5 42. Rd6+ Kh7 43. f5 a4 44. e6 fxe6 45. fxe6 a3 46. e7 Re4 47. Rd7 Kg6 48.
Kxc2 Nc4 49. Nd3 Nb6 50. Rb7 Nd5 51. Nf4+ Nxf4 52. gxf4 Kf5 53. Kb3 1/2-1/2

[Event "SM-blixten 2025"]
[Site "Uppsala, Sweden"]
[Date "2025.07.03"]
[Round "4.6"]
[White "Nilsson, Joakim"]
[Black "Nygren, Kim"]
[Result "0-1"]
[TimeControl "3 min + 2 sec increment starting from move 1"]
[WhiteTitle "FM"]
[BlackTitle "CM"]
[WhiteElo "2208"]
[BlackElo "2173"]

1. e4 c5 2. Nf3 d6 3. Bb5+ Nd7 4. d4 cxd4 5.
Qxd4 Ngf6 6. c4 g6 7. Nc3 Bg7 8.
O-O O-O 9. Bxd7 Nxd7 10. Qd3 Nc5 11. Qe2 Bg4 12. h3 Bxf3 13. Qxf3 Bxc3 14. bxc3 Rc8 15. Rb1 Qd7 16. Rd1 Qe6 17.
Rd4 f5 18. exf5 Rxf5 19. Qd1 Rcf8 20. Be3 Re5 21. Qd2 b6 22. Rf1 Ne4 23. Qc2 Ng3 24. Re1 Nf5 25. Rf4 Nxe3 26. Rxf8+ Kxf8 27. fxe3 Qxc4 28. e4 Kg7 29. Kh2 d5 30. Qf2 dxe4 31.
Qf4 Qe6 32. Re3 Qf5 33. Qh4 g5 34. Rg3 h6 35. Qh5 e3 36. Qe2 Qf4 37. Qe1 h5 38. Kh1 Qf2 39. Rxe3 Qxe1+ 0-1

[Event "SM-blixten 2025"]
[Site "Uppsala, Sweden"]
[Date "2025.07.03"]
[Round "6.2"]
[White "Carlsson, Ludvig"]
[Black "Religa, Marek"]
[Result "1/2-1/2"]
[TimeControl "3 min + 2 sec increment starting from move 1"]
[WhiteTitle "IM"]
[WhiteElo "2386"]
[BlackElo "2227"]

1. e4 c5 2. Nf3 Nf6 3. Nc3 e6 4. d4 cxd4 5. Nxd4 Nc6 6. Qd3 d5 7. exd5 Nb4 8. Qf3 Nbxd5 9. Bd2 Bc5 10. Nb3 Be7 11. a3 O-O 12. Bd3 Nxc3 13.
Bxc3 Nd5 14. Bd4 Bf6 15. O-O-O Bxd4 16. Nxd4 Qf6 17. Be4 Rd8 18. Qxf6 Nxf6 19.
Nb5 Bd7 20. Nd6 Nxe4 21. Nxe4 Bc6 22. f3 Bxe4 23. fxe4 Kf8 24. c3 Ke7 25. Kc2 h5 26.
a4 a5 27. Rhf1 Rac8 28. b3 f6 29.
h3 h4 30. Rb1 Rd7 31. Rfd1 Rxd1 32. Rxd1 b6 33. Rd4 Rc6 34. e5 g5 35. exf6+ Kxf6 36. Kd3 Ke5 37. Rd8 Kf4 38. Rd4+ Ke5 39. b4 axb4 40. cxb4 Rc1 41. Rg4 Kf5 42.
Kd4 Ra1 43. Kc4 Rxa4 44. Kb5 Ra2 45.
Kxb6 e5 46. Kc5 e4 47. Kd4 Rd2+ 48. Ke3 Rd3+ 49. Ke2 Rb3 50. Kf2 Rb2+ 51. Ke3 Rb3+ 52. Ke2 Rxb4 53. Ke3 Rb3+ 54.
Ke2 Rg3 55. Rxg3 hxg3 56. Kd2 Ke5 57. Ke3 Kd5 58. Ke2 Kd4 59. Kd2 e3+ 60. Ke2 Ke4 61. Ke1 Kd3 62. Kd1 Kd4 63. Ke2 Ke4 64. Ke1 Kd3 65. Kd1 e2+ 66. Ke1 Ke3 67. h4 gxh4 1/2-1/2

[Event "SM-blixten 2025"]
[Site "Uppsala, Sweden"]
[Date "2025.07.03"]
[Round "7.8"]
[White "Tadjerbashi, Amir"]
[Black "Ljung, Harald"]
[Result "1/2-1/2"]
[TimeControl "3 min + 2 sec increment starting from move 1"]
[WhiteElo "2235"]
[BlackElo "2194"]

1. e4 c5 2. Nf3 g6 3. d4 cxd4 4. Nxd4 Bg7 5. Nc3 Nc6 6. Nde2 Nf6 7. g3 O-O 8. Bg2 d6 9. O-O Bd7 10. h3 a6 11.
a4 Rc8 12. Re1 h5 13. Be3 Ne5 14. b3 Kh7 15. Rc1 Qa5 16. Bd4 Nc6 17. Bxf6 Bxf6 18. Nd5 Bg7 19. c3 Qc5 20. b4 Qa7 21. b5 axb5 22. axb5 Ne5 23. b6 Qa5 24.
Nxe7 Qxb6 25. Nxc8 Rxc8 26. Nd4 Qb2 27. Re2 Qa3 28. f4 Nc4 29. Kh2 Ba4 30. Qe1 Bd7 31. Ra1 Qc5 32. Rb1 b5 33.
Rc1 Nb6 34. Rd2 Na4 35. Ne2 Qe3 36. Rxd6 Be6 37. Nd4 Qxe1 38. Rxe1 Bc4 39. e5 Nxc3 40. Rd7 b4 41. Rc1 Na2 42. Rb1 Bd3 43. Rb2 h4 44. Rxa2 hxg3+ 45. Kxg3 Rc3 46. Nf3 Be4 47. Rb2 b3 48. Rxf7 Kg8 49. Rd7 Bf8 50. Rd8 Kf7 51. Rb8 Bc2 52. Kg4 Ba3 53. Ng5+ Kg7 54. Rb7+ Kf8 55. Ne6+ Kg8 56. R2xb3 Bxb3 57. Ng5 Bd1+ 58. Bf3 Bxf3+ 59. Nxf3 Bf8 60. e6 Re3 61.
Ng5 Re1 62. f5 Rg1+ 63. Kf4 Bd6+ 64. Ke4 Rxg5 65. e7 Bxe7 66.
Rxe7 gxf5+ 67. Kf4 Rh5 68. Re5 Rxh3 1/2-1/2

[Event "SM-blixten 2025"]
[Site "Uppsala, Sweden"]
[Date "2025.07.03"]
[Round "9.4"]
[White "Nilsson, Joakim"]
[Black "Crevatin, Leo"]
[Result "0-1"]
[TimeControl "3 min + 2 sec increment starting from move 1"]
[WhiteTitle "FM"]
[BlackTitle "FM"]
[WhiteElo "2208"]
[BlackElo "2248"]

1. Nf3 d5 2. g3 Nf6 3.
Bg2 e6 4. O-O Be7 5. b3 O-O 6. Bb2 c5 7. e3 Nc6 8.
d3 b6 9.
Qe2 Bb7 10. c4 Re8 11. Nc3 Bf8 12. Rad1 h6 13. e4 d4 14. Nb1 e5 15. Bc1 Bc8 16. Nh4 a5 17. Nf5 a4 18. Na3 axb3 19. axb3 Ne7 20. Nb5 Nxf5 21. exf5 Rb8 22. g4 Nh7 23.
Bd5 Nf6 24. Bc6 Bd7 25. Bf3 Nh7 26. Na3 Ng5 27. Bd5 Nh3+ 28. Kh1 Nf4 29. Bxf4 exf4 30. Qf3 Bd6 31. Rde1 Qg5 32. h3 Qh4 33. Kg2 h5 34. Nc2 Qg5 35.
Kh1 Qh4 36. Rg1 Qf6 37. Be4 Qh4 38. Ra1 b5 39. Ne1 bxc4 40. g5 cxb3 41.
Ng2 Qxg5 42. Rab1 Bxf5 43. Bxf5 Qxf5 44. Nh4 Qf6 45. Qxh5 Re5 46. Qg4 g6 47. Nf3 Ree8 48. Ng5 Re5 49.
Ne4 Qe7 50. Qxf4 Rxe4 51. Qxe4 Qxe4+ 52. dxe4 c4 53. Rgd1 Be5 54. f4 c3 55. fxe5 c2 56. Rdc1 d3 57. Kg2 0-1

[Event "SM-blixten 2025"]
[Site "Uppsala, Sweden"]
[Date "2025.07.03"]
[Round "10.10"]
[White "Malm Lindberg, Henrik"]
[Black "Tadjerbashi, Amir"]
[Result "0-1"]
[TimeControl "3 min + 2 sec increment starting from move 1"]
[WhiteElo "2113"]
[BlackElo "2235"]

1. e4 e5 2. Nf3 d6 3. d4 Qe7 4.
Nc3 c6 5. h3 h6 6. Bc4 Nf6 7. O-O Qc7 8. a4 Be7 9. Re1 O-O 10. Ba2 Re8 11. Nh4 Bf8 12. Ng6 Be6 13. Nxf8 Kxf8 14.
Bxe6 Rxe6 15. d5 Re8 16. b3 c5 17. a5 a6 18. f4 exf4 19. Bxf4 Nbd7 20. Bg3 Ne5 21. Qe2 Kg8 22. Rf1 Qe7 23. Rf5 g6 24. Rf2 Nh5 25.
Bh2 Rf8 26. Raf1 Rae8 27. g4 Ng7 28. Kg2 f5 29. exf5 gxf5 30.
gxf5 Qg5+ 31. Kh1 Kh8 32. Rg1 Qf6 33. Rfg2 Re7 34. Qd2 Rg8 35. Bf4 Nf7 36. Rg6 Qxf5 0-1